 Dungeon Crawl Stone Soup version 0.22-a0-224-g8cf3520 (webtiles) character file.

425 Azzok the Firebug (level 6, 0/32 HPs)
             Began as a Deep Elf Fire Elementalist on Feb 19, 2018.
             Slain by a crimson imp (2 damage)
             ... on level 5 of the Dungeon.
             The game lasted 00:07:03 (3493 turns).

Azzok the Firebug (Deep Elf Fire Elementalist)      Turns: 3493, Time: 00:07:04

Health: 0/32       AC:  2    Str:  5    XL:     6   Next: 64%
Magic:  4/12       EV: 13    Int: 22    God:
Gold:   190        SH:  0    Dex: 15    Spells: 0/11 levels left

rFire    . . .     SeeInvis .   r - +0 falchion
rCold    . . .     Gourm    .   (no shield)
rNeg     . . .     Faith    .   a - +0 robe
rPois    .         Spirit   .   (no helmet)
rElec    .         Reflect  .   (no cloak)
rCorr    .         Harm     .   (no gloves)
MR       .....                  (no boots)
Stlth    ++........             (no amulet)
HPRegen  0.10/turn              (no ring)
MPRegen  0.13/turn              (no ring)

@: very slightly contaminated
A: no striking features
a: no special abilities


You were on level 5 of the Dungeon.
You were near starving.

You visited 1 branch of the dungeon, and saw 5 of its levels.

You collected 190 gold pieces.

Inventory:

Hand Weapons
 r - a +0 falchion (weapon)
Armour
 a - a +0 robe (worn)
Wands
 s - a wand of iceblast (11)
Scrolls
 d - 5 scrolls of remove curse
 f - 7 scrolls of identify {unknown}
 g - a scroll of fog {unknown}
 h - a scroll of enchant weapon {unknown}
 i - 3 scrolls of teleportation {unknown}
 l - 2 scrolls of noise {unknown}
 u - 2 scrolls of enchant armour {unknown}
Potions
 c - a potion of haste {unknown}
 e - a potion of ambrosia {unknown}
 j - a potion of invisibility {unknown}
 k - a potion of berserk rage {unknown}
 m - a potion of mutation {unknown}
 n - 3 potions of agility {unknown}
 o - a potion of resistance {unknown}
 p - a potion of lignification {unknown}
 q - 3 potions of curing {unknown}
Comestibles
 b - 4 rations


   Skills:
 - Level 2.4 Dodging
 - Level 2.4 Stealth
 + Level 3.0 Spellcasting
 + Level 5.3 Conjurations
 + Level 6.3 Fire Magic


You couldn't memorise any spells.
You knew the following spells:

 Your Spells              Type           Power        Failure   Level  Hunger
a - Flame Tongue          Conj/Fire      ####.        1%          1    None
b - Conjure Flame         Conj/Fire      ####....     3%          3    ###....
c - Sticky Flame          Conj/Fire      ####....     11%         4    ####...
d - Dazzling Spray        Conj/Hex       ###...       12%         3    ###....


Dungeon Overview and Level Annotations

Branches:
Dungeon (5/15)
 Temple: D:4-7

Altars:
Dithmenos

Shops:
D:4 =


Message History

The crimson imp hits you but does no damage.
The crimson imp summons a swarm of flies.
The crimson imp barely misses you.
You closely miss the crimson imp. The crimson imp hits you.
* * * LOW HITPOINT WARNING * * *
You hit the crimson imp but do no damage.
The crimson imp hits you.
* * * LOW HITPOINT WARNING * * *
You miss the crimson imp. The crimson imp closely misses you.
The crimson imp barely misses you.
You closely miss the crimson imp.
The crimson imp hits you but does no damage.
You hit the crimson imp.
The crimson imp is lightly wounded.
The crimson imp hits you.
* * * LOW HITPOINT WARNING * * *
You miss the crimson imp.
The crimson imp is lightly wounded.
The crimson imp hits you.
You die...

▒·······▒
▒·······▒
╬·······▒
▒▒▒▒▒▒▒▒·······▒
▒············▒▒▒
▒·······(····▒
▒············▒
▒····5·······▒
▒···@········▒
▒····▒╬▒▒▒▒▒▒▒
▒····▒ ▒····▒
▒····▒ ▒····▒
▒▒▒▒▒▒


You could see a crimson imp.

Vanquished Creatures
  2 howler monkeys (D:4)
  2 hounds (D:4)
  An orc priest (D:4)
  A centaur skeleton (D:4)
  An orc wizard (D:4)
  Terence (D:3)
  A hound skeleton (D:4)
  A gnoll (D:2)
  7 adders
  A river rat (D:4)
  2 worms (D:4)
  3 dart slugs (D:1)
  2 leopard geckos
  An orc (D:4)
  8 giant cockroaches
  6 goblins
  9 hobgoblins
  7 kobolds
  3 ball pythons
  7 bats
  4 frilled lizards
  8 rats
78 creatures vanquished.

Notes
Turn   | Place    | Note
-------+----------+-------------------------------------------
     0 | D:1      | Azzok the Deep Elf Fire Elementalist began the quest for the Orb.
     0 | D:1      | Reached XP level 1. HP: 10/10 MP: 6/6
   256 | D:1      | Reached XP level 2. HP: 15/15 MP: 1/8
   635 | D:1      | Reached skill level 4 in Fire Magic
   710 | D:1      | Reached XP level 3. HP: 19/19 MP: 6/9
   750 | D:1      | Learned a level 3 spell: Conjure Flame
  1029 | D:2      | Reached XP level 4. HP: 24/24 MP: 7/10
  1058 | D:2      | Learned a level 4 spell: Sticky Flame
  1747 | D:3      | Noticed Terence
  1754 | D:3      | Killed Terence
  1754 | D:3      | Reached skill level 5 in Fire Magic
  1754 | D:3      | Reached XP level 5. HP: 28/28 MP: 2/11
  2305 | D:4      | Reached XP level 6. HP: 27/32 MP: 5/12
  2636 | D:4      | Reached skill level 5 in Conjurations
  2636 | D:4      | Reached skill level 6 in Fire Magic
  2688 | D:4      | Found a shadowy altar of Dithmenos.
  2765 | D:4      | Found Ufabb's Jewellery Emporium.
  3248 | D:5      | Entered Level 5 of the Dungeon
  3428 | D:5      | Learned a level 3 spell: Dazzling Spray
  3493 | D:5      | Slain by a crimson imp

Vault maps used:
D:1:      arrival_zaba_pyramid
D:2:      st_stairs_14
D:3:      first_ration, uniq_terence
D:4:      lemuel_round_altar, serial_shops, shop, portal_sewer_entry_e,
          hangedman_abyss_or_decor_jellyfish_corner
D:5:      minmay_diamond_boxcup, uniq_sigmund, uniq_duvessa, uniq_blork_the_orc

Skill      XL: |  1  2  3  4  5  6 |
---------------+-------------------+-----
Conjurations   | 2 3 4 5 |  5.3
Fire Magic     | 4 5 6 |  6.3
Dodging        | |  2.4
Stealth        | |  2.4
Spellcasting   | |  3.0

Action                   |  1- 3 |  4- 6 || total
-------------------------+-------+-------++-------
Melee: Unarmed           |    25 |     1 ||    26
       Falchion          |       |    87 ||    87
 Cast: Flame Tongue      |    54 |    91 ||   145
       Conjure Flame     |       |     3 ||     3
       Dazzling Spray    |       |     5 ||     5
  Use: Scroll            |       |     1 ||     1
 Stab: Sleeping          |       |     1 ||     1
       Invisible         |       |     2 ||     2
  Eat: Chunk             |       |     7 ||     7
Armor: Robe              |     8 |    12 ||    20
Dodge: Dodged            |    40 |    77 ||   117
       Rpst.: Falchion   |       |    22 ||    22

Table legend:
 A = Spawn XP
 B = Non-spawn XP
 C = Spawn XP percentage of total XP
 D = Spawn monster count
 E = Non-spawn monster count
 F = Spawn count percentage of total count
 G = Total turns spent on level
                    A         B        C        D         E        F      G
               +---------+---------+-------+---------+---------+-------+---------
         Total |       0 |     608 |   0.0 |       0 |      78 |   0.0 |  3493
               +---------+---------+-------+---------+---------+-------+---------
           D:1 |       0 |      51 |   0.0 |       0 |      27 |   0.0 |   911
           D:2 |       0 |      95 |   0.0 |       0 |      18 |   0.0 |   609
           D:3 |       0 |      66 |   0.0 |       0 |      13 |   0.0 |   447
           D:4 |       0 |     383 |   0.0 |       0 |      19 |   0.0 |  1281
           D:5 |       0 |      13 |   0.0 |       0 |       1 |   0.0 |   245
               +---------+---------+-------+---------+---------+-------+---------
